 Dungeon Crawl Stone Soup version 0.18-a0-316-gf882de5 (webtiles) character file.

85631 xeno23 the Carver (level 14, -6/125 HPs)
             Began as a Demigod Ice Elementalist on Nov 26, 2015.
             Killed from afar by Roxanne (21 damage)
             ... with an iron shot
             ... on level 14 of the Dungeon on Nov 27, 2015.
             The game lasted 03:13:16 (34657 turns).

xeno23 the Carver (Demigod Ice Elementalist)       Turns: 34657, Time: 03:13:17

Health: -6/125     AC: 21    Str: 17    XL:     14   Next: 99%
Magic:  23/25      EV: 18    Int: 21    God:
Gold:   179        SH: 11    Dex: 16    Spells: 5 memorised, 7 levels left

rFire  x . .     SeeInvis .     O - +5 demon blade (flame)
rCold  + . .     Clarity  .     h - +2 leather armour {MR+}
rNeg   . . .     SustAt   +     (no shield)
rPois  .         Gourm    +     V - +2 hat
rElec  .         Spirit   .     I - +0 cloak
rCorr  .         Warding  .     f - +0 pair of gloves
rMut   .         Stasis   .     (no boots)
MR     ++...                    F - amulet of the gourmand
Stlth  ++........               k - ring of wizardry
                                q - ring of ice

@: icy armour, about to teleport, icy shield, studying Fighting, very resistant
to hostile enchantments, unstealthy
A: high mp 1, spit poison 1, wild magic 1, sustain attributes
a: Spit Poison


You were on level 14 of the Dungeon.
You were not hungry.

You visited 4 branches of the dungeon, and saw 27 of its levels.
You also visited: Labyrinth.

You collected 2729 gold pieces.
You spent 2550 gold pieces at shops.

Inventory:

Hand Weapons
 s - a +0 blowgun
 z - the +9 falchion of Res Nullius {holy, +Fly}
   (You found it on level 6 of the Dungeon)

   It has been blessed by the Shining One to cause great damage to the undead
   and demons.
   It lets you fly.
 O - a +5 demon blade of flaming (weapon)
Missiles
 v - 93 poisoned needles
Armour
 f - a +0 pair of gloves (worn)
 h - a +2 leather armour of magic resistance (worn)
 I - a +0 cloak (worn)
 J - a mottled dragon hide
 V - a +2 hat (worn)
Jewellery
 k - a ring of wizardry (right hand)
 q - a ring of ice (left hand)
 F - an amulet of the gourmand (around neck)
 G - an uncursed amulet of resist corrosion
 P - an uncursed ring of protection from fire
 X - an uncursed ring of poison resistance
Wands
 g - a wand of heal wounds (2)
 t - a wand of teleportation (0)
 x - a wand of disintegration (17)
 y - a wand of teleportation (5)
 A - a wand of enslavement (13)
 N - a wand of fire (3)
 T - a wand of hasting (7)
Scrolls
 a - 7 scrolls of magic mapping
 d - 7 scrolls of teleportation
 i - a scroll of amnesia
 B - 7 scrolls of fear
 D - 2 scrolls of enchant weapon
 H - a scroll of fog
 Y - 2 scrolls of recharging
Potions
 b - 2 potions of resistance
 e - 2 potions of heal wounds
 m - 2 potions of agility
 n - 16 potions of curing
 o - 2 potions of haste
 p - 4 potions of cancellation
 r - 3 potions of ambrosia
 E - 4 potions of berserk rage
 K - 5 potions of brilliance
 M - a potion of mutation
 R - 3 potions of might
 U - 2 potions of magic
Books
 u - a manual of Fighting
 S - a book of Necromancy

   Spells                             Type                      Level
   a - Pain                           Necromancy                   1
   b - Animate Skeleton               Necromancy                   1
   c - Vampiric Draining              Necromancy                   3
   d - Regeneration                   Charms/Necromancy            3
   e - Animate Dead                   Necromancy                   4
   f - Control Undead                 Necromancy                   4
 W - a book of Clouds

   Spells                             Type                      Level
   a - Mephitic Cloud                 Conjuration/Poison/Air       3
   b - Conjure Flame                  Conjuration/Fire             3
   c - Poisonous Cloud                Conjuration/Poison/Air       6
   d - Freezing Cloud                 Conjuration/Ice/Air          6
   e - Ring of Flames                 Charms/Fire                  7
Miscellaneous
 L - a crystal ball of energy
Comestibles
 c - 17 bread rations
 j - 6 beef jerkies
 l - 14 meat rations
 w - 4 slices of pizza
 C - 37 fruits


   Skills:
 + Level 11.7 Fighting
 * Level 13.1 Long Blades
 + Level 8.3 Armour
 + Level 10.0 Dodging
 - Level 1.7 Stealth
 - Level 5.0 Spellcasting
 - Level 4.2 Conjurations
 - Level 5.0 Charms
 - Level 4.0 Summonings
 - Level 12.0 Ice Magic


You had 7 spell levels left.
You knew the following spells:

 Your Spells              Type           Power        Failure   Level  Hunger
a - Freeze                Ice            ####         1%          1    None
c - Ozocubu's Armour      Chrm/Ice       #######.     1%          3    ##.....
d - Summon Ice Beast      Ice/Summ       ######..     5%          4    ####...
v - Condensation Shield   Ice            #######...   1%          4    ####...
w - Throw Icicle          Conj/Ice       ######..     5%          4    ####...


Dungeon Overview and Level Annotations

Branches:
Dungeon (14/15)            Temple (1/1) D:4            Lair (8/8) D:8
 Shoals (0/4) Lair:3       Spider (0/4) Lair:6        Slime (0/6) Lair:6
    Orc (4/4) D:12            Elf (0/3) Orc:3
 Vaults: D:13-14

Shops:
D:4 *   Orc:4 (:(!

Annotations:
D:14 exclusion: Roxanne, Roxanne


Innate Abilities, Weirdness & Mutations

You have an increased reservoir of magic (+10% MP).
Your attributes are resistant to harm.
You can spit weak poison.
Your spells are a little harder to cast, but a little more powerful.


Message History

You slash Roxanne! You burn Roxanne.
Roxanne is heavily damaged.
You hit Roxanne.
Roxanne is heavily damaged.
You hit Roxanne but do no damage.
Roxanne is heavily damaged.
Roxanne mumbles some strange words.
The crystal spear hits you!
Ouch! That really hurt!
* * * LOW HITPOINT WARNING * * *
You take 64 damage.
Read which item? (? for menu, Esc to quit)
Okay, then.
Evoke which item? (* to show all) (? for menu, Esc to quit)
Zapping:
t - a wand of teleportation (1)
Press: ? - help, Shift-Dir - straight line, f - you You feel strangely unstable.
This wand has 0 charges left.
Roxanne mumbles some strange words.
The iron shot hits you!
You die...

...≈# #.....# .
#.....######### .
#..............
.#########..............
............)...........
.......)..............#
......................#
................@8.#
.(<.((...###.....?.#
#######..# #......##
#### #......# ########


You could see Roxanne.

Vanquished Creatures
  A minotaur (Lab)
  Erolcha (Orc:3)
  3 centaur warriors
  9 hydras
  A catoblepas (Lair:8)
  Erica (D:11)
  5 orc high priests (Orc:4)
  A deep troll shaman (Lair:8)
  5 death yaks
  The ghost of cireshan the Thaumaturge, a novice DECj of Sif Muna (D:12)
  3 unseen horrors
  9 orc knights
  4 hill giants
  A necromancer (Lair:7)
  2 griffons (Lair:6)
  An oklob plant (D:12)
  A wolf spider (Lair:3)
  4 ugly things
  A cyclops (Orc:2)
  A manticore (D:13)
  9 black mambas
  3 elephants
  A guardian serpent (shapeshifter) (D:13)
  3 centaur skeletons
  13 spiny frogs
  10 komodo dragons
  3 fire drakes
  2 trolls
  4 jumping spiders (Lair:6)
  A boulder beetle (Lair:8)
  4 two-headed ogres
  24 blink frogs
  61 yaks
  2 redbacks (Lair:6)
  3 basilisks
  3 trapdoor spiders
  7 hungry ghosts
  A wraith (D:10)
  A deep elf mage (D:12)
  3 wyverns
  3 steam dragons
  3 mottled dragons
  14 hippogriffs
  15 porcupines
  7 swamp worms (Lair:2)
  11 wolves
  4 wargs
  A swamp drake (Lair:5)
  22 water moccasins
  34 orc warriors
  5 ice beasts
  7 sky beasts
  A black bear (Lair:8)
  3 phantoms
  9 ogres
  6 necrophages
  5 centaurs
  25 giant frogs
  22 crocodiles
  A gnoll sergeant (D:7)
  2 big kobolds
  3 scorpions
  A wyvern skeleton (D:11)
  11 killer bees
  A water moccasin skeleton (D:11)
  A troll skeleton (Lab)
  5 crimson imps
  A quasit (D:10)
  2 giant frog zombies
  14 two-headed ogre zombies (Orc:3)
  3 centaur zombies
  A hound (D:7)
  43 orc priests
  5 jellies
  5 giant frog skeletons
  8 iguanas
  31 orc wizards
  Natasha (thrice) (D:3)
  3 polar bear simulacra (Lair:7)
  12 worker ants
  4 yak simulacra (Lair:7)
  11 sheep
  A wolf simulacrum (Lair:7)
  An ogre skeleton (Lab)
  A hound skeleton (D:3)
  A hound zombie (D:7)
  18 adders
  7 gnolls
  25 river rats
  5 shadow imps
  A giant eyeball (D:11)
  3 oozes
  An adder skeleton (D:7)
  12 worms
  2 giant geckos (D:3)
  187 orcs
  5 bats
  14 hobgoblins
  3 quokkas
  A ball python (D:7)
  A giant gecko skeleton (D:7)
  7 giant newts
  8 goblins
  14 jackals
  13 kobolds
  2 quokka skeletons
  A quokka zombie (D:8)
  4 rats
  3 river rat simulacra (Lair:7)
  A plant (Lair:3)
923 creatures vanquished.

Vanquished Creatures (collateral kills)
  A hydra (Lair:3)
  2 hill giants
  A troll (D:10)
  A yak (Lair:2)
  A wyvern (D:10)
  2 porcupines
  2 swamp worms (Lair:2)
  An orc warrior (D:10)
  2 hounds (D:8)
  An orc wizard (D:10)
  A sheep (D:8)
  3 worms (Lair:2)
  An orc (D:10)
19 creatures vanquished.

Vanquished Creatures (others)
  2 wolves (Lair:8)
  A human (D:10)
  A bush (Lair:3)
  36 fungi
  38 plants
78 creatures vanquished.

Grand Total: 1020 creatures vanquished

Notes
Turn   | Place    | Note
--------------------------------------------------------------
     0 | D:1      | xeno23 the Demigod Ice Elementalist began the quest for the Orb.
     0 | D:1      | Reached XP level 1. HP: 14/14 MP: 5/5
   188 | D:1      | Reached skill level 3 in Ice Magic
   332 | D:1      | Reached XP level 2. HP: 20/20 MP: 7/7
   997 | D:2      | Reached XP level 3. HP: 15/26 MP: 2/8
  1079 | D:2      | Learned a level 3 spell: Ozocubu's Armour
  1397 | D:3      | Reached skill level 4 in Ice Magic
  1542 | D:3      | Noticed an ogre
  1689 | D:3      | Reached XP level 4. HP: 33/33 MP: 10/10
  1828 | D:3      | Noticed Natasha
  1833 | D:3      | Killed Natasha
  1992 | D:3      | Noticed Natasha
  2002 | D:3      | Killed Natasha
  2110 | D:3      | Noticed Natasha
  2116 | D:3      | Killed Natasha
  2140 | D:3      | Learned a level 4 spell: Summon Ice Beast
  2313 | D:3      | Killed an ogre
  2313 | D:3      | Reached skill level 1 in Summonings
  2313 | D:3      | Reached skill level 5 in Ice Magic
  2313 | D:3      | Reached XP level 5. HP: 27/38 MP: 5/12
  2374 | D:4      | Noticed an ogre
  2381 | D:4      | Killed an ogre
  2381 | D:4      | Reached XP level 6. HP: 28/45 MP: 4/13
  2382 | D:4      | Found a staircase to the Ecumenical Temple.
  2387 | Temple   | Entered the Ecumenical Temple
  2509 | D:4      | Found Hestu's Humungous Hoard.
  2514 | D:4      | Bought a potion of haste for 120 gold pieces
  3178 | D:5      | Entered Level 5 of the Dungeon
  3278 | D:5      | Found a shattered altar of Ashenzari.
  3338 | D:5      | Reached skill level 1 in Charms
  3386 | D:5      | Found a deep blue altar of Sif Muna.
  3553 | D:5      | Found a white marble altar of Elyvilon.
  3556 | D:5      | Found a glowing golden altar of the Shining One.
  3570 | D:5      | Found a glowing silver altar of Zin.
  3573 | D:5      | Found a basalt altar of Yredelemnul.
  3969 | D:6      | Found a blossoming altar of Fedhas.
  4113 | D:6      | Got a slimy falchion
  4114 | D:6      | Identified the +9 falchion of Res Nullius {holy, +Fly} (You found it on level 6 of the Dungeon)
  4378 | D:6      | Reached XP level 7. HP: 43/50 MP: 10/15
  4815 | D:7      | Reached skill level 6 in Ice Magic
  5028 | D:7      | Reached skill level 1 in Fighting
  5315 | D:7      | Reached XP level 8. HP: 52/59 MP: 17/17
  5812 | D:8      | Learned a level 4 spell: Throw Icicle
  5818 | D:8      | Reached skill level 7 in Ice Magic
  6055 | D:8      | Noticed a hill giant
  6055 | D:8      | Noticed a cyan ugly thing
  6434 | D:8      | Found a staircase to the Lair.
  6434 | D:8      | Noticed an elephant
  6456 | D:8      | Killed an elephant
  6594 | D:8      | Reached skill level 5 in Charms
  6701 | D:8      | Reached skill level 1 in Long Blades
  6701 | D:8      | Reached XP level 9. HP: 55/68 MP: 16/19
  6722 | D:8      | Killed a hill giant
  6722 | D:8      | Reached skill level 1 in Armour
  7057 | D:8      | Reached skill level 5 in Spellcasting
  7163 | D:8      | Killed a cyan ugly thing
  7239 | D:8      | Found a deep blue altar of Sif Muna.
  7720 | D:9      | Found a shimmering altar of Xom.
  7813 | D:9      | Reached skill level 8 in Ice Magic
  8255 | D:9      | Got a steaming ring mail
  8354 | D:9      | Reached XP level 10. HP: 43/79 MP: 17/21
  8548 | D:9      | Reached skill level 1 in Conjurations
  8889 | D:9      | Reached skill level 5 in Long Blades
  9239 | D:9      | Identified the +3 ring mail of Plasticity {+Fly Int+5} (You found it on level 9 of the Dungeon)
  9279 | D:10     | Entered Level 10 of the Dungeon
  9315 | D:10     | Reached skill level 5 in Fighting
  9612 | D:10     | Found an ancient bone altar of Kikubaaqudgha.
 10403 | D:10     | Reached skill level 5 in Dodging
 10460 | D:10     | Noticed a hill giant
 10469 | D:10     | Killed a hill giant
 10488 | D:10     | Noticed a hill giant
 10500 | D:10     | Killed a hill giant
 10531 | D:10     | Reached XP level 11. HP: 38/88 MP: 18/22
 11087 | Lair:1   | Entered Level 1 of the Lair of Beasts
 11505 | Lair:1   | Got a dazzling ring mail
 11516 | Lair:1   | Identified the +0 ring mail of Chill Winds {*Confuse rF+ Dex+9} (You found it on level 1 of the Lair of Beasts)
 11970 | Lair:1   | Gained mutation: You can spit weak poison. [potion of beneficial mutation]
 11971 | Lair:1   | Gained mutation: Your spells are a little harder to cast, but a little more powerful. [potion of beneficial mutation]
 11999 | Lair:1   | Learned a level 4 spell: Condensation Shield
 12445 | Lair:2   | Reached skill level 5 in Armour
 14279 | Lair:3   | Noticed a seven-headed hydra
 14987 | Lair:3   | Reached skill level 9 in Ice Magic
 15064 | Lair:3   | Found a staircase to the Shoals.
 15081 | Lair:3   | Reached XP level 12. HP: 81/97 MP: 15/23
 15510 | Lair:3   | Killed a seven-headed hydra
 16110 | Lair:4   | Got a shimmering hand axe
 16111 | Lair:4   | Identified the +9 hand axe of xeno23's Destruction {drain, MR+ Str+4} (You found it on level 4 of the Lair of Beasts)
 16147 | Lair:4   | Got an iridescent falchion
 16148 | Lair:4   | Identified the +1 falchion of Qyth {freeze, Int+3 Stlth+} (You found it on level 4 of the Lair of Beasts)
 16792 | Lair:5   | Noticed a seven-headed hydra
 16840 | Lair:5   | Noticed a five-headed hydra
 17202 | Lair:5   | Killed a five-headed hydra
 17469 | Lair:5   | Reached skill level 10 in Ice Magic
 17985 | Lair:5   | Noticed a seven-headed hydra
 17989 | Lair:5   | Killed a seven-headed hydra
 18450 | Lair:5   | Killed a seven-headed hydra
 18516 | Lair:6   | Identified a scroll of acquirement
 18538 | Lair:6   | Found a labyrinth entrance.
 18557 | Lab      | Entered a labyrinth
 18558 | Lab      | Upgraded the game from 0.18-a0-270-ga9d907f to 0.18-a0-316-gf882de5
 18946 | Lab      | Got a steaming ring mail
 18957 | Lab      | Identified the +1 ring mail "Rumi" {rPois Str+12} (You found it in a labyrinth)
 19120 | Lab      | Noticed a minotaur
 19126 | Lab      | Killed a minotaur
 19126 | Lab      | Reached skill level 10 in Long Blades
 19183 | Lab      | Got a polished mace
 19184 | Lab      | Identified the +10 mace of Ujeffipn {crush, rElec Int+5 Dex-2 Stlth+} (You found it in a labyrinth)
 19692 | Lair:6   | Reached XP level 13. HP: 33/105 MP: 9/24
 20581 | Lair:6   | Reached skill level 11 in Ice Magic
 20869 | Lair:6   | Found a hole to the Spider Nest.
 21007 | Lair:6   | Found a runed door.
 21008 | Lair:6   | Found a viscous altar of Jiyva.
 21023 | Lair:6   | Found a staircase to the Slime Pits.
 22268 | Lair:8   | Entered Level 8 of the Lair of Beasts
 24242 | Lair:8   | Reached skill level 10 in Fighting
 24356 | Lair:8   | Reached skill level 12 in Ice Magic
 24356 | Lair:8   | Reached XP level 14. HP: 115/121 MP: 16/25
 25090 | D:4      | Bought a wand of heal wounds (4) for 576 gold pieces
 25090 | D:4      | Bought a scroll of holy word for 90 gold pieces
 26330 | D:11     | Paralysed by a giant eyeball for 2 turns
 26999 | D:11     | Noticed Erica
 27018 | D:11     | Killed Erica
 27323 | D:12     | Noticed cireshan's ghost (novice DECj)
 27383 | D:12     | Killed cireshan's ghost
 27667 | D:12     | Found a staircase to the Orcish Mines.
 27766 | D:12     | Found a deep blue altar of Sif Muna.
 28150 | Orc:1    | Entered Level 1 of the Orcish Mines
 28153 | Orc:1    | Found a shimmering altar of Xom.
 29998 | Orc:3    | Noticed Erolcha
 30007 | Orc:3    | Killed Erolcha
 30336 | Orc:4    | Entered Level 4 of the Orcish Mines
 30573 | Orc:4    | Found Tan Weqy's Weapon Boutique.
 32823 | Orc:4    | Found Jeb Rajej's Magic Scroll Emporium.
 32823 | Orc:4    | Found Cekef's Book Emporium.
 32824 | Orc:4    | Found Asinaso's Distillery.
 32824 | Orc:4    | Found Carruboe's Antique Weapon Shoppe.
 32834 | Orc:4    | Bought a potion of mutation for 30 gold pieces
 32834 | Orc:4    | Bought a potion of cancellation for 96 gold pieces
 32834 | Orc:4    | Bought a potion of heal wounds for 60 gold pieces
 32834 | Orc:4    | Bought 2 potions of curing for 72 gold pieces
 32836 | Orc:4    | Bought a runed demon blade for 510 gold pieces
 32837 | Orc:4    | Bought a book of Necromancy for 360 gold pieces
 32837 | Orc:4    | Bought a book of Clouds for 540 gold pieces
 32842 | Orc:4    | Bought a potion of might for 48 gold pieces
 32842 | Orc:4    | Bought a potion of might for 48 gold pieces
 33000 | Orc:3    | Found a staircase to the Elven Halls.
 33486 | D:13     | Found an ancient bone altar of Kikubaaqudgha.
 33673 | D:13     | Reached skill level 13 in Long Blades
 34123 | D:13     | Reached skill level 10 in Dodging
 34494 | D:14     | Noticed Roxanne
 34657 | D:14     | Killed from afar by Roxanne

Vault maps used:
D:1:      mainiacjoe_arrival_reflecting_pool
D:2:      first_bread
D:3:      minmay_unequal, uniq_natasha
D:4:      minmay_temple_entry_nine_rooms, st_stairs_11, nicolae_alphabet_shops
D:5:      ashenzari_altar_1, grunt_temple_overflow_cloverleaf, basic_altar,
          minmay_stone_trees_medium
D:6:      fedhas_altar_3
D:8:      lemuel_blue_sif_altar, david_lair_generic, blue_anna_alchemist,
          kennysheep_kite_vault
D:9:      xom_teletrap_fun
D:10:     tgw_kikubaaqudgha
D:11:     onia_ninara_cookie, uniq_erica
D:12:     orc_0_dummy, lemuel_oklob_altar
D:13:     basic_altar
D:14:     david_vaults_4, hex_medium, serial_column_ruins, column_ruins_hut,
          column_ruins_open_tiny, column_ruins_grid_1, column_ruins_open_tiny,
          column_ruins_open_tiny_water, column_ruins_open_tiny, serial_shops,
          nicolae_shop_behind_doors, st_stairs_13, uniq_roxanne
Temple:   circular_temple_12
Lair:2:   minivault_23, minivault_26, minmay_hedge_maze, worms_lemuel
Lair:3:   minmay_lair_venomous_thicket, shoals_dummy_entry
Lair:4:   infiniplex_staircase_pool
Lair:5:   guppyfry_lair_drakes, infiniplex_staircase_pool_2
Lair:6:   beast_lair_carwin_large_4, nicolae_spider_entry_tight_spaces,
          slime_altar_2, lab_entry_generic, roderic_carrion_pond
Lair:7:   eino_house_with_fridge
Lair:8:   grunt_lair_end_beastmaster
Orc:1:    cheibrodos_orc_bank, basic_altar
Orc:3:    lemuel_ogre_cave, nicolae_orc_pool_cavern
Orc:4:    st_orc_pillars, serial_shops, shop
Lab:      labyrinth_hidden_loot, nicolae_lab_grate, nicolae_lab_x, lab_hedge,
          nicolae_lab_blocks, nicolae_lab_diamond

Action                   |  1- 3 |  4- 6 |  7- 9 | 10-12 | 13-15 || total
-------------------------+-------+-------+-------+-------+-------++-------
Melee: Dagger            |    20 |       |       |       |       ||    20
       Unarmed           |     1 |       |       |       |       ||     1
       Whip              |    36 |       |       |       |       ||    36
       Short sword       |    14 |    77 |       |       |       ||    91
       Falchion          |       |     4 |   277 |   908 |  1531 ||  2720
       Demon blade       |       |       |       |       |   209 ||   209
 Cast: Freeze            |    43 |    61 |    60 |   196 |   106 ||   466
       Ozocubu's Armour  |     1 |     4 |    21 |    67 |    77 ||   170
       Summon Ice Beast  |       |       |    10 |    12 |       ||    22
       Throw Icicle      |       |       |       |    51 |   158 ||   209
       Condensation Shie |       |       |       |    17 |    39 ||    56
 Abil: Spit Poison       |       |       |       |     2 |     1 ||     3
       Evoke Flight      |       |       |       |     1 |     1 ||     2
Evoke: Wand              |       |       |       |       |    11 ||    11
  Use: Scroll            |     9 |     7 |     2 |    21 |     8 ||    47
       Potion            |       |       |     2 |     6 |     2 ||    10
 Stab: Sleeping          |     5 |     4 |    10 |     7 |     4 ||    30
       Distracted        |       |       |     2 |     1 |     2 ||     5
  Eat: Chunk             |     3 |     8 |    18 |    75 |    75 ||   179
       Pizza             |       |       |       |     1 |     2 ||     3
       Royal jelly       |       |       |       |       |     1 ||     1
